 Dungeon Crawl Stone Soup version 0.28.0-53-g5a82cb258f (webtiles) character file.

Game seed: 16584148957459641718

336 Zeld the Conjurer (level 6, -2/32 HPs)
             Began as a Deep Elf Conjurer on June 11, 2022.
             Slain by a hound (4 damage)
             ... on level 5 of the Dungeon.
             The game lasted 00:03:18 (3403 turns).

Zeld the Conjurer (Deep Elf Conjurer)               Turns: 3403, Time: 00:03:19

Health: -2/32      AC:  2    Str:  4    XL:     6   Next: 28%
Magic:  16/16      EV: 13    Int: 25    God:
Gold:   98         SH:  0    Dex: 13    Spells: 4/15 levels left

rFire   . . .      SeeInvis .   g - +7 short sword of the Desert {vamp, rElec rN+}
rCold   . . .      Faith    .   (no shield)
rNeg    + . .      Spirit   .   a - +0 robe
rPois   .          Reflect  .   (no helmet)
rElec   +          Harm     .   (no cloak)
rCorr   .          Rampage  .   (no gloves)
Will    .....                   (no boots)
Stlth   ++........              j - amulet of the acrobat
HPRegen 0.10/turn               (no ring)
MPRegen 0.15/turn               (no ring)

@: no status effects
A: no striking features
a: no special abilities


You were on level 5 of the Dungeon.
You visited 1 branch of the dungeon, and saw 5 of its levels.
You also visited: Ossuary.

You collected 98 gold pieces.

Inventory:

Hand Weapons
 g - the +7 short sword of the Desert (weapon) {vamp, rElec rN+}
   (You found it on level 5 of the Dungeon)

   It occasionally heals its wielder for a portion of the damage dealt when it
   wounds a living foe.
   rElec:     It insulates you from electricity.
   rN:        It protects you from negative energy.
Armour
 a - a +0 robe (worn)
Jewellery
 j - an amulet of the acrobat (around neck)
Scrolls
 h - a scroll of fog
 l - a scroll of blinking
 m - a scroll of magic mapping
 o - a scroll of enchant armour
Potions
 c - 2 potions of haste {unknown}
 d - a potion of berserk rage {unknown}
 e - 2 potions of flight {unknown}
 f - a potion of attraction {unknown}
 i - 9 potions of degeneration
 k - 2 potions of invisibility {unknown}
 n - 3 potions of mutation
 p - a potion of heal wounds {unknown}


   Skills:
 + Level 3.5 Dodging
 + Level 3.6 Stealth
 * Level 5.4 Spellcasting
 * Level 5.8 Conjurations
 - Level 2.0 Hexes
 - Level 2.0 Translocations


You had 4 spell levels left.
You knew the following spells:

 Your Spells              Type           Power      Damage    Failure   Level
a - Magic Dart            Conj           100%       1d8       1%          1
b - Searing Ray           Conj           72%        2d7       1%          2
c - Fulminant Prism       Conj/Hex       13%        3d9       16%         4
d - Iskenderun's Mystic   Conj/Tloc      26%        2d7       16%         4

Your spell library contained the following spells:

 Spells                   Type           Power      Damage    Failure   Level
 Dazzling Flash           Conj/Hex       52%        N/A       4%          3
 Stone Arrow              Conj/Erth      42%        3d9       7%          3
 Sandblast                Erth           12%        2d6       8%          1
 Passwall                 Tmut/Erth      5%         N/A       12%         2


Dungeon Overview and Level Annotations

Branches:
Dungeon (5/15)            Ossuary (visited)
 Temple: D:4-7

Altars:


Message History

Partly explored, can't reach some items and places.
Partly explored, can't reach some items and places.
Partly explored, can't reach some items and places.
Partly explored, can't reach some items and places.
Partly explored, can't reach some items and places.
Really walk onto that alarm trap? [Y]es or [N]o only, please.
Really walk onto that alarm trap?
You set off the alarm!
The alarm trap emits a blaring wail!
A sentinel's mark forms upon you.
You see here a scroll of noise.
i - 8 potions of degeneration (gained 1)
i - 9 potions of degeneration (gained 1) Done exploring.
You start waiting.
The sentinel's mark upon you fades away.
Done exploring.
Done exploring.
You see here a scroll of noise.
There is a broken door here.
There is an open door here.
There is an empty arch of ancient stone here.
There is a gate leading back out of this place here.
Okay, then.
As you read the scroll labelled TIFUETW JOYBB, it crumbles to dust.
It is a scroll of identify.
h - a scroll of fog
As you read the scroll of identify, it crumbles to dust.
l - a scroll of blinking
As you read the scroll of identify, it crumbles to dust.
o - a scroll of enchant armour
As you read the scroll of identify, it crumbles to dust.
m - a scroll of magic mapping Welcome back to the Dungeon!
The hound bites you but does no damage.
The ogre hits you with a +0 giant club!!
Ouch! That really hurt!
* * * LOW HITPOINT WARNING * * *
The hound bites you.
You die...

########
#########......#
.###.........### #
.....##....#...# .#
..#..##...##'..##.#
.........##.##....#
.##..##O##h@O##.###
.....##..##.##..#
.###......###..#####
######..#.....o.#
##.O.#####.#
###.#####.#
#....##.# #.##.##.#
#.##.##o#


You could see an ogre and a hound.

Vanquished Creatures
  A scorpion (D:4)
  2 centaur zombies (Ossuary)
  A jelly (D:5)
  A human zombie (Ossuary)
  An iguana (D:4)
  5 mummies (Ossuary)
  2 adders
  An adder skeleton (D:4)
  A worm (D:4)
  5 orcs (D:4)
  A bat (D:1)
  3 endoplasms
  5 goblins
  5 hobgoblins
  2 kobolds (D:2)
  A quokka (D:2)
  2 ball pythons
  3 frilled lizards
  A gnoll zombie (Ossuary)
  A hobgoblin zombie (Ossuary)
  2 kobold zombies (Ossuary)
  An orc zombie (Ossuary)
  2 rats (D:2)
49 creatures vanquished.

Notes
Turn   | Place    | Note
-------+----------+-------------------------------------------
     0 | D:1      | Zeld the Deep Elf Conjurer began the quest for the Orb.
     0 | D:1      | Reached XP level 1. HP: 10/10 MP: 6/6
   274 | D:1      | Found a faded altar of an unknown god.
   277 | D:1      | Reached skill level 1 in Hexes
   325 | D:1      | Reached XP level 2. HP: 15/15 MP: 6/8
   328 | D:1      | Learned a level 2 spell: Searing Ray
   384 | D:2      | Reached skill level 1 in Translocations
  1003 | D:3      | Reached XP level 3. HP: 19/19 MP: 6/9
  1322 | D:4      | Noticed a scorpion
  1330 | D:4      | Killed a scorpion
  1331 | D:4      | Reached skill level 5 in Conjurations
  1331 | D:4      | Reached XP level 4. HP: 24/24 MP: 7/12
  1379 | D:4      | Learned a level 4 spell: Fulminant Prism
  1389 | D:4      | Learned a level 4 spell: Iskenderun's Mystic Blast
  1541 | D:4      | Reached XP level 5. HP: 6/28 MP: 5/13
  2164 | D:5      | Entered Level 5 of the Dungeon
  2253 | D:5      | Identified the +7 short sword of the Desert {vamp, rElec
                  | rN+}
  2296 | D:5      | Noticed a two-headed ogre
  2358 | D:5      | Noticed an ogre
  2367 | D:5      | Found a sand-covered staircase.
  2371 | Ossuary  | Entered an ossuary
  2809 | Ossuary  | Reached skill level 5 in Spellcasting
  2815 | Ossuary  | Reached XP level 6. HP: 15/32 MP: 7/15
  3403 | D:5      | Slain by a hound

Illustrated notes

Levels and vault maps discovered:
D:1:      denvon_arrival_waterhouse, layout_basic,
          chequers_ecumenical_altar_simple_redux, serial_shops,
          nicolae_shop_behind_doors
D:2:      layout_rooms, basic_altar
D:3:      layout_rooms, serial_shops, nicolae_shop_window_shopping,
          minmay_misc_feat_cross
D:4:      layout_basic
D:5:      layout_loops_cross, enter_ossuary_5, minmay_misc_feat_pillars,
          minmay_fractal_squares_5, uniq_duvessa

Skill      XL: |  1  2  3  4  5 |
---------------+----------------+-----
Hexes          | 1 2 |  2.0
Translocations | 1 2 |  2.0
Spellcasting   | 4 5 |  5.4
Conjurations   | 5 |  5.8
Dodging        | 3 |  3.5
Stealth        | 3 |  3.6

Action                   |  1- 3 |  4- 6 || total
-------------------------+-------+-------++-------
Melee: Unarmed           |     1 |       ||     1
       Short sword       |       |    40 ||    40
 Cast: Magic Dart        |    64 |     3 ||    67
       Searing Ray       |     2 |     7 ||     9
       Iskenderun's Myst |       |     7 ||     7
  Use: Scroll            |       |     4 ||     4
 Stab: Sleeping          |       |     2 ||     2
       Distracted        |       |     2 ||     2
Armor: Robe              |     1 |    17 ||    18
Dodge: Dodged            |     4 |    60 ||    64
